 Dungeon Crawl Stone Soup version 0.28-a0-199-g298df9dbad (webtiles) character file.

Game seed: 8947829970732442979

7305 theanonym the Slicer (level 10, -2/82 HPs)
             Began as a Mummy Brigand on Aug 20, 2021.
             Was an Elder of Makhleb.
             Slain by a boulder beetle (13 damage)
             ... on level 9 of the Dungeon.
             The game lasted 00:23:46 (13251 turns).

theanonym the Slicer (Mummy Brigand)               Turns: 13251, Time: 00:23:47

Health: -2/82      AC: 22    Str: 18    XL:     10   Next: 90%
Magic:  10/10      EV:  3    Int: 10    God:    Makhleb [****..]
Gold:   289        SH: 10    Dex: 14    Spells: 9/9 levels left

rFire   . . .      SeeInvis .   b - +4 short sword (elec)
rCold   + . .      Faith    +   p - +0 kite shield
rNeg    + + +      Spirit   .   e - +0 plate armour
rPois   ∞          Reflect  .   g - +1 helmet
rElec   .          Harm     .   c - +1 cloak
rCorr   .          Rampage  .   v - +0 pair of gloves
Will    +....                   z - +2 pair of boots
Stlth   ..........              j - amulet of faith
HPRegen 0.23/turn               k - +4 ring of protection
MPRegen 0.12/turn               x - ring of protection from fire

@: about to teleport
A: cold resistance 1, negative energy resistance 3, torment resistance 2, heat
vulnerability 1, no potions
a: Renounce Religion, Minor Destruction, Lesser Servant of Makhleb, Major
Destruction


Innate Abilities, Weirdness & Mutations

You are immune to poison.
Your flesh is cold resistant. (rC+)
You are immune to negative energy. (rN+++)
You are immune to unholy pain and torment.
You are vulnerable to heat. (rF-)
You do not drink.


   Skills:
 + Level 8.9 Fighting
 * Level 9.4(9.8) Short Blades
 - Level 4.3(7.4) Long Blades
 - Level 1.5 Throwing
 - Level 0.7 Dodging
 - Level 3.2 Stealth
 + Level 6.3 Shields


You had 9 spell levels left.
You didn't know any spells.
Your spell library contained the following spells:

 Spells                   Type           Power      Damage    Failure   Level
 Slow                     Hex            0%         N/A       100%        2
 Confusing Touch          Hex            0%         N/A       100%        3
 Gell's Gravitas          Tloc           0%         N/A       100%        3
 Lesser Beckoning         Tloc           0%         N/A       100%        3
 Stone Arrow              Conj/Erth      0%         3d7       100%        3
 Teleport Other           Tloc           0%         N/A       100%        3
 Vampiric Draining        Necr           0%         2d6       100%        3
 Animate Armour           Summ/Erth      0%         N/A       100%        4
 Animate Dead             Necr           0%         N/A       100%        4
 Bolt of Magma            Conj/Fire/Erth 0%         4d4       100%        5
 Simulacrum               Ice/Necr       0%         N/A       100%        6
 Haunt                    Necr/Summ      0%         N/A       100%        7
 Ozocubu's Refrigeration  Ice            0%         4d5       100%        7
 Infestation              Necr           0%         N/A       100%        8
 Lehudib's Crystal Spear  Conj/Erth      0%         10d2      100%        8
 Shatter                  Erth           0%         3d5*      100%        9

Skill      XL: |  1  2  3  4  5  6  7  8  9 10 |
---------------+-------------------------------+-----
Short Blades   | 2 3 4 5 7 8 9 |  9.4
Shields        | 1 2 3 4 5 6 |  6.3
Fighting       | 3 4 5 6 7 8 |  8.9
Long Blades    | 3 4 |  4.3
Throwing       | |  1.5
Dodging        | |  0.7
Stealth        | |  3.2

Action                   |  1- 3 |  4- 6 |  7- 9 | 10-12 || total
-------------------------+-------+-------+-------+-------++-------
Melee: Dagger            |   130 |    65 |   186 |    57 ||   438
       Short sword       |       |   235 |   285 |   120 ||   640
       Rapier            |       |       |       |    27 ||    27
Throw: Dart              |     9 |    14 |    63 |    24 ||   110
Evoke: Wand              |       |     1 |    12 |       ||    13
  Use: Scroll            |     1 |     4 |     2 |    13 ||    20
 Stab: Sleeping          |     8 |       |       |       ||     8
       Paralysed         |       |     2 |     1 |       ||     3
       Invisible         |       |       |     1 |     1 ||     2
Armor: Robe              |    21 |       |       |       ||    21
       Chain mail        |    23 |    99 |       |       ||   122
       Plate armour      |       |   137 |   295 |   121 ||   553
Dodge: Dodged            |    47 |    83 |    66 |    22 ||   218
Block: Buckler           |    25 |    59 |    74 |       ||   158
       Kite shield       |       |       |    52 |    93 ||   145

Inventory:

Hand Weapons
 a - a +2 rapier of speed
 b - a +4 short sword of electrocution (weapon)
Missiles
 d - 40 poisoned darts (quivered)
 m - 3 atropa-tipped darts
Armour
 c - a +1 cloak (worn)
 e - a +0 plate armour (worn)
 g - a +1 helmet (worn)
 p - a +0 kite shield (worn)
 v - a +0 pair of gloves (worn)
 z - a +2 pair of boots (worn)
Jewellery
 f - a ring of fire
 h - an amulet of guardian spirit
 j - an amulet of faith (around neck)
 k - a +4 ring of protection (left hand)
 x - a ring of protection from fire (right hand)
Wands
 l - a wand of paralysis (9)
 s - a wand of polymorph (6)
 w - a wand of flame (39)
Scrolls
 i - 2 scrolls of torment
 n - a scroll of summoning
 o - a scroll of immolation {unknown}
 q - a scroll of enchant armour
 r - a scroll of identify
 u - a scroll of fog {unknown}
 y - 3 scrolls of magic mapping
 A - a scroll of enchant weapon
 C - a scroll of noise {unknown}


You were on level 9 of the Dungeon.
You worshipped Makhleb.
Makhleb was greatly pleased with you.
You visited 1 branch of the dungeon, and saw 10 of its levels.

You collected 997 gold pieces.
You spent 708 gold pieces at shops.

Dungeon Overview and Level Annotations

Branches:
Dungeon (10/15)            Temple (0/1) D:7            Lair (0/6) D:9
    Orc: D:9-12

Altars:
Fedhas
Kikubaaqudgha
Makhleb
Nemelex Xobeh
Sif Muna
Vehumet
The Shining One

Shops:
D:4 ?[*([   D:6 (   D:7 !!   D:10 *

Annotations:
D:3 exclusion: oklob plant

#............# #.##########.####
#.# #.##<# #.# #.##B# #####
#######.# #.##°# #...# ......#.#
#.##.# ##...### ......#.# #.##.#
#.......
......#.##########.##.####.......
......O.§O..°°○B@.......B°.......
...........#.......##.#..#.....B.
......#.##.#.########.##.........
......#.##.#.# #.##..##..##.
......#.##.#.# #.##.####....
.##+###.##.#.########.##.## ##..#
.##.# #.##.#..........##..## #..#
.##.###.##.#############...###..#
.+.......................#.......


You could see a boulder beetle (rolling) and a two-headed ogre.

Notes
Turn   | Place    | Note
-------+----------+-------------------------------------------
     0 | D:1      | theanonym the Mummy Brigand began the quest for the Orb.
     0 | D:1      | Reached XP level 1. HP: 16/16 MP: 1/1
   491 | D:1      | Reached skill level 2 in Short Blades
   491 | D:1      | Reached XP level 2. HP: 22/22 MP: 2/2
  1013 | D:2      | Reached XP level 3. HP: 26/28 MP: 3/3
  1288 | D:2      | Reached skill level 1 in Shields
  1388 | D:2      | HP: 11/28 [worm (5)]
  1398 | D:2      | HP: 11/28 [something (1)]
  1943 | D:2      | Found a faded altar of an unknown god.
  2049 | D:3      | Noticed an orc warrior
  2164 | D:2      | Reached XP level 4. HP: 28/34 MP: 4/4
  2333 | D:3      | HP: 17/34 [orc (3)]
  2598 | D:3      | Reached skill level 3 in Short Blades
  2663 | D:3      | Found a burning altar of Makhleb.
  2698 | D:3      | Became a worshipper of Makhleb the Destroyer
  2777 | D:3      | Reached skill level 3 in Fighting
  2969 | D:3      | Found a sparkling altar of Nemelex Xobeh.
  3057 | D:3      | Killed an orc warrior
  3058 | D:3      | Reached skill level 2 in Shields
  3058 | D:3      | Reached XP level 5. HP: 41/41 MP: 5/5
  3217 | D:3      | Reached skill level 4 in Short Blades
  3217 | D:3      | Reached XP level 6. HP: 47/47 MP: 6/6
  3274 | D:3      | Found a blossoming altar of Fedhas.
  3290 | D:3      | Noticed an oklob plant
  3541 | D:4      | Found Ahimu's Assorted Antiques.
  3662 | D:4      | Bought a scroll labelled UNIGOA YCVUIH for 24 gold pieces
  3669 | D:4      | Found Madoew's Antique Weapon Shop.
  3756 | D:4      | Found Oleepipi's Antique Armour Shoppe.
  3768 | D:4      | Found Toydweot's Magic Scroll Shoppe.
  3787 | D:4      | Got Sif Muna's Tome of the Frostbite
  3938 | D:4      | Noticed Eustachio
  3942 | D:4      | Noticed Sigmund
  3954 | D:4      | Noticed Edmund
  4265 | D:3      | Reached * piety under Makhleb
  4289 | D:4      | Noticed Menkaure
  4299 | D:4      | Killed Menkaure
  4300 | D:4      | Reached skill level 4 in Fighting
  4306 | D:4      | Found Rafyas's Antique Armour Boutique.
  4370 | D:4      | HP: 23/48 [Edmund (8)]
  4374 | D:4      | HP: 4/48 [Edmund (11)]
  4388 | D:4      | Killed Edmund
  4389 | D:4      | Reached XP level 7. HP: 7/54 MP: 7/7
  4742 | D:4      | Found a runed translucent door.
  4743 | D:4      | Noticed Crazy Yiuf
  4924 | D:4      | Killed Eustachio
  4925 | D:4      | Reached skill level 5 in Short Blades
  4925 | D:4      | Reached skill level 3 in Shields
  4948 | D:4      | Killed Sigmund
  5212 | D:4      | HP: 26/55 [Crazy Yiuf (4)]
  5213 | D:4      | Killed Crazy Yiuf
  5414 | D:5      | Entered Level 5 of the Dungeon
  5557 | D:5      | Reached skill level 5 in Fighting
  5557 | D:5      | Reached XP level 8. HP: 46/62 MP: 8/8
  6065 | D:5      | Reached skill level 6 in Short Blades
  6258 | D:5      | HP: 29/62 [iguana (9)]
  6265 | D:5      | HP: 18/62 [iguana (1)]
  6706 | D:5      | Reached skill level 4 in Shields
  7327 | D:6      | Found Nuigg's Weapon Boutique.
  7431 | D:4      | Bought a shimmering dagger for 168 gold pieces
  7431 | D:4      | Identified the +11 dagger of Deflation {vorpal, +Blink
                  | Dex+2} (You bought it in a shop on level 4 of the Dungeon)
  7520 | D:6      | Reached skill level 7 in Short Blades
  7536 | D:6      | Found a shimmering blue altar of Sif Muna.
  7544 | D:6      | Noticed Blork the orc
  7568 | D:6      | Killed Blork the orc
  7569 | D:6      | Reached skill level 6 in Fighting
  7784 | D:6      | Reached ** piety under Makhleb
  8072 | D:7      | Found a staircase to the Ecumenical Temple.
  8081 | D:7      | Found Morah's Distillery.
  8182 | D:7      | Reached XP level 9. HP: 64/70 MP: 9/9
  8280 | D:7      | Found Daeskun's Distillery.
  8555 | D:7      | Found an ancient bone altar of Kikubaaqudgha.
  8886 | D:4      | Bought a kite shield for 90 gold pieces
  9081 | D:8      | Reached skill level 8 in Short Blades
  9258 | D:8      | Reached skill level 7 in Fighting
  9528 | D:8      | Noticed a green ugly thing
  9550 | D:8      | Killed a green ugly thing
  9551 | D:8      | Reached skill level 1 in Long Blades
  9878 | D:9      | Identified the +3 rapier of Intimidation {flame, Int+3}
  9896 | D:9      | Reached skill level 2 in Long Blades
 10072 | D:9      | Reached *** piety under Makhleb
 10105 | D:9      | Reached skill level 5 in Shields
 10107 | D:9      | Noticed Prince Ribbit
 10125 | D:9      | Killed Prince Ribbit
 10521 | D:4      | Bought a pair of gloves for 90 gold pieces
 10659 | D:9      | Noticed a kobold demonologist
 10663 | D:9      | Noticed an ice devil
 10668 | D:9      | Killed a kobold demonologist
 10669 | D:9      | Reached skill level 3 in Long Blades
 10669 | D:9      | Reached XP level 10. HP: 72/80 MP: 10/10
 10749 | D:9      | Found a radiant altar of Vehumet.
 10946 | D:9      | Reached skill level 8 in Fighting
 10953 | D:9      | Reached skill level 4 in Long Blades
 11097 | D:9      | HP: 38/80 [wyvern (5)]
 11106 | D:9      | HP: 25/80 [wyvern (3)]
 11111 | D:9      | HP: 9/80 [wyvern (8)]
 11424 | D:9      | Identified a scroll of acquirement
 11426 | D:9      | Acquired 436 gold pieces
 11953 | D:9      | Found a staircase to the Lair.
 12009 | D:10     | Entered Level 10 of the Dungeon
 12009 | D:10     | Found Izemosk's General Store.
 12026 | D:10     | Reached skill level 9 in Short Blades
 12026 | D:10     | Reached skill level 6 in Shields
 12056 | D:10     | Noticed a boulder beetle
 12067 | D:9      | HP: 23/82 [boulder beetle (20)]
 12068 | D:9      | HP: 11/82 [boulder beetle (12)]
 12445 | D:10     | Bought a scroll of enchant weapon for 105 gold pieces
 12445 | D:10     | Bought a +2 pair of boots for 231 gold pieces
 12531 | D:10     | Reached **** piety under Makhleb
 12868 | D:10     | HP: 41/82 [efreet/bolt of fire (21)]
 12873 | D:10     | HP: 31/82 [efreet/bolt of fire (5)]
 13126 | D:10     | Noticed a two-headed ogre
 13141 | D:10     | HP: 35/82 [orc priest/divine providence (13)]
 13163 | D:10     | HP: 26/82 [two-headed ogre (5)]
 13169 | D:10     | HP: 26/82 [two-headed ogre (2)]
 13178 | D:10     | HP: 17/82 [two-headed ogre (11)]
 13208 | D:10     | HP: 17/82 [two-headed ogre (7)]
 13215 | D:9      | HP: 11/82 [two-headed ogre (8)]
 13233 | D:9      | HP: 7/82 [two-headed ogre (8)]
 13251 | D:9      | Slain by a boulder beetle

Vanquished Creatures
  An ugly thing (D:8)
  A kobold demonologist (D:9)
  An efreet (D:10)
  2 trolls (D:9)
  A hornet (D:9)
  Prince Ribbit (D:9)
  Sigmund (D:4)
  3 wyverns (D:9)
  5 yaks (D:10)
  3 basilisks (D:9)
  Eustachio (D:4)
  2 steam dragons (D:9)
  Menkaure (D:4)
  Edmund (D:4)
  2 water moccasins
  3 orc warriors
  An ice beast (D:6)
  2 sky beasts (D:5)
  A necrophage (D:8)
  An ogre (D:5)
  A phantom (D:6)
  3 centaurs
  Blork the orc (D:6)
  4 kobold brigands
  5 bullfrogs
  A scorpion (D:3)
  A wyvern zombie (D:7)
  A wyvern skeleton (D:7)
  4 killer bees (D:8)
  3 wights (D:8)
  A vampire bat (D:3)
  A howler monkey (D:10)
  A crimson imp (D:8)
  A bullfrog zombie (D:7)
  6 centaur zombies
  2 orc priests
  2 hounds
  A centaur skeleton (D:7)
  A jelly (D:6)
  Crazy Yiuf (D:4)
  An iguana (D:5)
  4 orc wizards
  A howler monkey zombie (D:9)
  7 adders
  3 shadow imps
  2 white imps (D:7)
  An ufetubus (D:3)
  An adder zombie (D:5)
  A worm (D:2)
  A dart slug (D:4)
  14 orcs
  9 endoplasms
  6 giant cockroaches
  11 hobgoblins
  7 jackals (D:3)
  19 kobolds
  5 quokkas
  10 ball pythons
  12 bats
  5 frilled lizards
  2 goblins
  2 hobgoblin zombies (D:8)
  2 kobold zombies (D:8)
  An orc skeleton (D:8)
  4 rats (D:3)
206 creatures vanquished.

Vanquished Creatures (others)
  A plant (D:4)
1 creature vanquished.

Grand Total: 207 creatures vanquished

Table legend: (Time is in decaauts)
 A = Elapsed time spent in this place.
 B = Non-inter-level travel time spent in this place.
 C = Inter-level travel time spent in this place.
 D = Time resting spent in this place.
 E = Time spent auto-exploring this place.
 F = Levels seen in this place.
 G = Mean time per level.
                   A        B        C        D        E       F      G
               +--------+--------+--------+--------+--------+-----+--------+
         Total |  13098 |  12055 |   1043 |   3518 |   6368 |  10 | 1309.8 |
       Dungeon |  13098 |  12055 |   1043 |   3518 |   6368 |  10 | 1309.8 |
               +--------+--------+--------+--------+--------+-----+--------+

Top non-repeatable levels by time:
     D:9: 2293 daAuts
     D:5: 1745 daAuts
     D:3: 1642 daAuts
     D:4: 1614 daAuts
     D:2: 1350 daAuts
     D:6: 1054 daAuts
     D:8: 914 daAuts
     D:1: 857 daAuts
     D:7: 825 daAuts
    D:10: 800 daAuts
